 Dungeon Sprint DCSS version 0.30.1-4-g462c640d31 (webtiles) character file.

Game seed: 5954649462436788106

696 Heoruswealwe the Nimble (level 7, -4/32 HPs)
             Began as a Spriggan Artificer on Aug 24, 2023.
             Was an Initiate of Hepliaklqana.
             Slain by a sixfirhy (11 damage)
             ... summoned by a kobold demonologist
             ... in the Dungeon (Sprint I: "Red Sonja").
             The game lasted 00:09:47 (212 turns).

Heoruswealwe the Nimble (Spriggan Artificer)         Turns: 212, Time: 00:09:48

Health: -4/32      AC:  2    Str:  8    XL:     7   Next: 37%
Magic:  17/20      EV: 28    Int: 15    God:    Hepliaklqana [......]
Gold:   140        SH:  0    Dex: 20    Spells: 17/23 levels left

rFire   . . .        a - melded +0 club
rCold   . . .        (shield currently unavailable)
rNeg    . . .        b - melded +0 robe
rPois   x            (helmet currently unavailable)
rElec   .            (cloak currently unavailable)
rCorr   .            (gloves unavailable)
SInv    +            (boots unavailable)
Will    +....        (no amulet)
Stlth   ++++         (no ring)
HPRegen 0.25/turn    (no ring)
MPRegen 0.17/turn

%: no teleportation
@: spider-form
A: venomous fangs, tiny, no large weapons, unfitting armour, see invisible,
(speed 3)
a: End Transformation, Renounce Religion


You were in the Dungeon.
You worshipped Hepliaklqana.
Hepliaklqana was noncommittal.
You were a venomous arachnid creature.
You visited 1 branch You collected 420 gold pieces.
You spent 280 gold pieces at shops.

Inventory:

Hand Weapons
 a - a +0 club (melded)
Armour
 b - a +0 robe (melded)
 n - a +0 robe
Wands
 d - a wand of charming (15)
 e - a wand of iceblast (4)
 l - a wand of light (4)
Scrolls
 c - a scroll of magic mapping {unknown}
 k - a scroll of blinking
 o - a scroll of identify
Potions
 f - a potion of curing
 h - a potion of haste
 i - 2 potions of magic
 j - a potion of berserk rage
 m - a potion of brilliance {unknown}


   Skills:
 - Level 0.7 Fighting
 * Level 10.0 Dodging
 + Level 8.1 Stealth
 * Level 8.6 Spellcasting
 + Level 5.9 Hexes
 + Level 7.1 Translocations
 * Level 9.4 Transmutations
 + Level 7.8 Evocations


You had 17 spell levels left.
You knew the following spells:

 Your Spells              Type           Power      Damage    Failure   Level
a - Beastly Appendage     Tmut           68%        N/A       2%          1
b - Wereblood             Tmut           34%        N/A       3%          2
c - Spider Form           Tmut/Pois      20%        N/A       14%         3

Your spell library contained the following spells:

 Spells                   Type           Power      Damage    Failure   Level


Dungeon Overview and Level Annotations

Branches:
Dungeon (1/1)

Altars:
Cheibriados
Dithmenos
Elyvilon
Fedhas
Gozag
Hepliaklqana
Kikubaaqudgha
Makhleb
Nemelex Xobeh
Okawaru
Qazlal
Ru
Sif Muna
Trog
Uskayaw
Vehumet
Wu Jian
Xom
Yredelemnul
Zin
The Shining One
Jiyva
Lugonu

Shops:
D *


Innate Abilities, Weirdness & Mutations

You are a venomous arachnid creature.
You have venomous fangs.
You are tiny and dextrous.
Your spellcasting is less reliable in this form.
Your armour is entirely melded.
You are incapable of wielding weapons or throwing items.
You are very small and have problems with some larger weapons.
You are too small for most types of armour.
You have supernaturally acute eyesight. (SInv)
((You cover ground extremely quickly. (Speed+++)))


Message History

The floating eye is lightly wounded.
The floating eye gazes piercingly through you!
You suddenly lose the ability to move!
The kobold demonologist gestures wildly while chanting.
The crimson imp hits you.
The kobold demonologist looks satisfied for a moment.
You can move again.
You hit the floating eye.
The floating eye looks as sick as possible!
The floating eye is heavily wounded.
The sixfirhy closely misses you. The sixfirhy misses you.
The sixfirhy completely misses you. x2
You hit the floating eye.
The floating eye looks as sick as possible!
The floating eye is severely wounded.
You kill the floating eye!
The sixfirhy hits you. The sixfirhy shocks you!
The sixfirhy hits you but does no damage.
The crimson imp blinks!
Your Dodging skill increases to level 10!
Your Stealth skill increases to level 8!
Your Translocations skill increases to level 7!
You hit the kobold demonologist but do no damage.
The kobold demonologist is poisoned.
The kobold demonologist closely misses you.
You barely miss the kobold demonologist.
The kobold demonologist misses you. The crimson imp completely misses you.
You hit the kobold demonologist.
The kobold demonologist looks as sick as possible!
The kobold demonologist is lightly wounded.
The sixfirhy completely misses you. x3; The sixfirhy hits you.
The sixfirhy shocks you!
* * * LOW HITPOINT WARNING * * *
The kobold demonologist gestures wildly while chanting.
The crimson imp misses you.
You feel much better. The sixfirhy completely misses you.
The sixfirhy hits you! The sixfirhy shocks you!
* * * LOW HITPOINT WARNING * * *
The sixfirhy hits you!
You die...

#####################
.'..#.)'..#__#.5sK5.#
.#..'..#.....'..#3K.#
###'#####'#__####53.+
##..#...#.#### ####
_####..##.#
____##'#_.+
.∩...'..._#
..__##_.#'#
____###+#=#


You could see a sun demon (summoned), 2 kobold demonologists, a sixfirhy
(summoned), a quasit (summoned), a crimson imp (summoned) and a white imp
(summoned).

Vanquished Creatures
  A slime creature (D)
  Sigmund (D)
  A yak (D)
  A floating eye (D)
  An ogre (D)
  A jelly (D)
  Ijyb (D)
7 creatures vanquished.

Notes
Turn   | Place    | Note
-------+----------+-------------------------------------------
     0 | D        | Heoruswealwe the Spriggan Artificer began the quest for the
                  | Orb.
     0 | D        | Reached XP level 1. HP: 9/9 MP: 2/2
     1 | D        | Noticed Ijyb
     7 | D        | Killed Ijyb
     8 | D        | Reached skill level 4 in Dodging
     8 | D        | Reached skill level 1 in Hexes
     8 | D        | Reached XP level 2. HP: 14/14 MP: 2/6
    12 | D        | Noticed an ogre
    19 | D        | Killed an ogre
    20 | D        | Reached skill level 6 in Dodging
    20 | D        | Reached skill level 5 in Transmutations
    20 | D        | Reached skill level 5 in Evocations
    20 | D        | Reached XP level 3. HP: 17/17 MP: 2/10
    20 | D        | Reached XP level 4. HP: 21/21 MP: 2/11
    35 | D        | Noticed Sigmund
    36 | D        | Killed Sigmund
    37 | D        | Reached skill level 7 in Dodging
    37 | D        | Reached skill level 5 in Translocations
    37 | D        | Reached XP level 5. HP: 25/25 MP: 4/14
    72 | D        | Found an ornate altar of the Wu Jian Council.
    72 | D        | Found a shimmering blue altar of Sif Muna.
    80 | D        | Found a burning altar of Makhleb.
    80 | D        | Found a shimmering altar of Xom.
    81 | D        | Noticed a slime creature
    84 | D        | Reached skill level 8 in Dodging
    84 | D        | Reached XP level 6. HP: 29/29 MP: 10/16
    89 | D        | Killed a slime creature
    90 | D        | Reached skill level 9 in Dodging
    90 | D        | Reached skill level 5 in Hexes
    93 | D        | Found a viscous altar of Jiyva.
    93 | D        | Found a corrupted altar of Lugonu.
    98 | D        | Found a radiant altar of Vehumet.
   127 | D        | Found Weifaed's General Store.
   127 | D        | Found an ancient bone altar of Kikubaaqudgha.
   127 | D        | Found a hazy altar of Hepliaklqana.
   127 | D        | Found a stormy altar of Qazlal.
   127 | D        | Found a hide-covered altar of Uskayaw.
   127 | D        | Found a blossoming altar of Fedhas.
   127 | D        | Found a bloodstained altar of Trog.
   127 | D        | Found an iron altar of Okawaru.
   127 | D        | Found a basalt altar of Yredelemnul.
   127 | D        | Found a glowing golden altar of the Shining One.
   127 | D        | Found a snail-covered altar of Cheibriados.
   127 | D        | Found a sacrificial altar of Ru.
   127 | D        | Found a glowing silver altar of Zin.
   127 | D        | Found a shadowy altar of Dithmenos.
   127 | D        | Found a white marble altar of Elyvilon.
   127 | D        | Noticed a yak
   143 | D        | Killed a yak
   144 | D        | Reached XP level 7. HP: 32/32 MP: 16/19
   155 | D        | Found an opulent altar of Gozag.
   156 | D        | Found a sparkling altar of Nemelex Xobeh.
   164 | D        | Became a worshipper of Hepliaklqana the Forgotten
   167 | D        | Bought a scroll of identify for 28 gold pieces
   167 | D        | Bought a book of Changes for 252 gold pieces
   170 | D        | Learned a level 1 spell: Beastly Appendage
   173 | D        | Learned a level 2 spell: Wereblood
   177 | D        | Learned a level 3 spell: Spider Form
   203 | D        | Noticed a kobold demonologist
   203 | D        | Noticed a kobold demonologist
   205 | D        | Paralysed by a floating eye for 2 turns
   206 | D        | Noticed a sixfirhy
   209 | D        | Reached skill level 10 in Dodging
   212 | D        | Noticed a sun demon
   212 | D        | Slain by a sixfirhy

Illustrated notes

Levels and vault maps discovered:
D:        dungeon_sprint_1 [red_sonja_temple_1, red_sonja_temple_small_1]

Skill      XL: |  1  2  3  4  5  6  7 |
---------------+----------------------+-----
Dodging        | 4 6 7 8 9 10 | 10.0
Stealth        | 3 4 6 7 8 |  8.1
Spellcasting   | 2 4 6 8 |  8.6
Hexes          | 1 3 4 5 |  5.9
Translocations | 2 3 5 6 7 |  7.1
Transmutations | 3 5 7 9 |  9.4
Evocations     | 5 6 7 |  7.8
Fighting       | |  0.7

Action                     |  1- 3 |  4- 6 |  7- 9 || total
---------------------------+-------+-------+-------++-------
  Melee: Unarmed           |       |       |     6 ||     6
   Cast: Spider Form       |       |       |     1 ||     1
  Evoke: Wand              |     9 |    15 |       ||    24
    Use: Potion            |       |       |     1 ||     1
 Armour: Skin              |       |       |     1 ||     1
  Dodge: Dodged            |     3 |       |    12 ||    15
